Cogmind - Beta 17.1 @@@ ROGUE MODE // 2026.09.14 @ 10:48:36 Player: 7H-NLC Result: Self-destructed Performance ------------- Evolutions (1) 500 Regions Visited (5) 1000 Robots Destroyed (36) 180 Value Destroyed (538) 538 Prototype IDs (25) 500 Alien Tech Used (0) 0 Bonus (300) 300 TOTAL SCORE: 3018 Bonus ------- Aligned with FarCom 300 Cogmind --------- Core Integrity 126/400 Matter 247/300 Energy 280/280 System Corruption 0% Temperature Cool (0) Movement Hovering (80) Location -9/Exiles Parts ------- > --- POWER (1) -------- Cooled Ion Engine > --- PROPULSION (3) --- Combat Airjet > --- UTILITY (3) ------ Medium Storage Unit Weight Redist. System Melee Analysis Suite > --- WEAPON (2) ------- (None) > --- INVENTORY (10) --- Light Treads Light Treads High-capacity Storage Unit Seismic Detector Melee Analysis Suite Light Armor Plating Slug Cannon Mini Grenade Launcher Heavy Mace Heavy Mace Peak State ------------ > --- POWER ------------ Cooled Ion Engine > --- PROPULSION ------- Combat Airjet Combat Airjet > --- UTILITY ---------- Medium Storage Unit Melee Analysis Suite Actuator Array > --- WEAPON ----------- Advanced Beam Cannon Heavy Mace > --- INVENTORY -------- Cooled Ion Engine Light Treads Light Treads Large Storage Unit Seismic Detector Melee Analysis Suite Light Armor Plating Slug Cannon Mini Grenade Launcher Heavy Mace [Rating: 28] Favorites ----------- Power Light Nuclear Core Engine Cooled Ion Engine Power Core Light Nuclear Core Propulsion Combat Airjet Treads Light Treads Wheel Compact Wheel Hover Unit Combat Airjet Utility Medium Storage Unit Device Weight Redist. System Storage Medium Storage Unit Processor Melee Analysis Suite Protection Light Armor Plating Weapon Light Assault Rifle Energy Gun Small Laser Energy Cannon Advanced Beam Cannon Ballistic Gun Light Assault Rifle Launcher Mini Grenade Launcher Impact Weapon Heavy Mace Build | -11 -10 -10 -9 -9 -9 ------- Run | Yrd Mat Min Mat Min Exi Slots Evolved 2 | . . . 2 . . Power . | . . . . . . Propulsion 1 | . . . 1 . . Utility 1 | . . . 1 . . Weapon . | . . . . . . Parts Attached 29 | 7 7 4 10 1 . Power 5 | 1 1 1 1 1 . Engine 4 | 1 . 1 1 1 . Core 1 | . 1 . . . . Reactor . | . . . . . . Propulsion 7 | 2 3 2 . . . Treads 2 | . 2 . . . . Leg . | . . . . . . Wheel 3 | 2 1 . . . . Hover 2 | . . 2 . . . Flight . | . . . . . . Utility 7 | 2 2 . 3 . . Device 3 | 1 . . 2 . . Storage 2 | 1 1 . . . . Processor 1 | . . . 1 . . Hackware . | . . . . . . Protection 1 | . 1 . . . . Artifact . | . . . . . . Weapon 10 | 2 1 1 6 . . Energy Gun 1 | 1 . . . . . Energy Cannon 2 | . . . 2 . . Ballistic Gun 4 | 1 1 1 1 . . Ballistic Cannon . | . . . . . . Launcher 1 | . . . 1 . . Special Weapon . | . . . . . . Impact Weapon 2 | . . . 2 . . Slashing Weapon . | . . . . . . Piercing Weapon . | . . . . . . Special Melee Weapon . | . . . . . . Unidentified Prototypes 2 | . . . 2 . . Parts Lost 4 | . . . 4 . . Power 2 | . . . 2 . . Propulsion 1 | . . . 1 . . Utility 1 | . . . 1 . . Weapon . | . . . . . . Highest Loss Streak 2 | . . . 2 . . To Critical Strikes . | . . . . . . Average Backups 9 | 1 8 9 9 10 10 Power . | . . . . . . Propulsion 2 | 1 3 3 2 2 2 Utility 3 | . 3 4 3 4 4 Weapon 2 | . 1 2 3 3 4 Tool/Special . | . . . . . . Unused Backups 11 | . 1 3 1 1 5 Power . | . . . . . . Propulsion 2 | . 1 . . . 1 Utility 7 | . . 2 1 1 3 Weapon 2 | . . 1 . . 1 Tool/Special . | . . . . . . Average Slot Usage (%) 84 | . 100 100 78 55 55 Engine 6 | . 7 2 7 9 11 Core 5 | . 6 11 . . . Treads 9 | . 17 15 . . . Wheel 5 | . 10 8 . . . Hover 7 | . . 4 19 11 11 Device 5 | . 5 . 10 11 11 Storage 12 | . 14 14 11 11 11 Processor 4 | . . . 10 11 11 Protection 6 | . 8 14 . . . Energy Gun 1 | . 6 . . . . Ballistic Gun 15 | . 21 28 6 . . Launcher 1 | . . . 4 1 . Impact Weapon 1 | . . . 7 . . Peak Build Rating 28 | 7 10 18 28 17 16 Average Rating 13 | 5 8 11 22 15 16 On Entrance 11 | . 7 10 18 16 16 Avg Prop Armor Cover (%) . | . . . . . . Naked Turns . | . . . . . . Heaviest Build 30 | 13 20 20 30 18 18 Greatest Support 40 | 26 40 40 24 18 18 Greatest Overweight (x) 2 | . . 1 2 . . Average Overweight (x) . | . . . . . . Largest Inventory Capacity 10 | 8 10 10 10 10 10 Average Capacity 9 | 7 9 10 10 10 10 Most Carried 10 | 4 10 10 10 10 10 Average Carried 9 | 1 8 9 9 9 10 Final Capacity 10 | 8 10 10 10 10 10 Final Carried 10 | 4 10 10 10 10 10 Class Distribution -------------------- 76% | Mutant 23% | Scavenger-Mutant Dominant Class ---------------- Mutant | -10/Materials Mutant | -10/Mines Scavenger-Mutant | -9/Materials Mutant | -9/Mines Mutant | -9/Exiles Resources | -11 -10 -10 -9 -9 -9 ----------- Run | Yrd Mat Min Mat Min Exi Matter Collected 673 | 223 207 62 111 70 . Remotely . | . . . . . . Salvage Created 922 | 146 399 . 353 24 . Parts 66 | 9 27 . 28 2 . Haulers Intercepted 3 | . 1 . 2 . . Recyclers Shooed 1 | 1 . . . . . Parts Field Recycled . | . . . . . . Retrieved Matter . | . . . . . . Parts Self-Destructed . | . . . . . . Prevented . | . . . . . . Parts Restored . | . . . . . . Kills | -11 -10 -10 -9 -9 -9 ------- Run | Yrd Mat Min Mat Min Exi Combat Hostiles Destroyed 24 | . 10 . 10 4 . Guns 10 | . 10 . . . . AOE 13 | . . . 9 4 . Classes Destroyed 8 | 2 3 . 3 . . Worker 1 | . . . 1 . . Tunneler 4 | 4 . . . . . Hauler 3 | . 1 . 2 . . Recycler 3 | 1 1 . 1 . . Watcher 1 | . . . 1 . . Swarmer 16 | . 6 . 6 4 . Grunt 7 | . 4 . 3 . . Sentry 1 | . . . 1 . . Best Kill Streak 7 | 5 3 . 7 4 . Combat Bots Only 4 | . 3 . 4 4 . Max Kills in Single Turn 4 | 2 2 . 4 3 . Gunslinging . | . . . . . . Exploded 3 | . . . 3 3 . Melee . | . . . . . . Uniques/NPCs Destroyed . | . . . . . . Combat | -11 -10 -10 -9 -9 -9 -------- Run | Yrd Mat Min Mat Min Exi Hostile Shots Fired 156 | . 61 . 86 9 . Missed 54 | . 17 . 31 6 . Hits 102 | . 44 . 55 3 . Projectile 102 | . 44 . 55 3 . Critical Strikes 2 | . 1 . 1 . . Damage Taken 1260 | . 460 . 773 27 . Core 368 | . 94 . 266 8 . Absorbed by Shields . | . . . . . . Core Remaining (%) 81 | 100 . 62 . . . Volleys Fired 69 | 12 43 1 11 2 . Largest 2 | 2 2 2 2 1 . Hottest 60 | 60 60 40 40 30 . Shots Fired 127 | 24 86 2 13 2 . Gun 116 | 24 86 2 4 . . Cannon . | . . . . . . Launcher 11 | . . . 9 2 . Special . | . . . . . . Kinetic 86 | 12 68 2 4 . . Thermal 30 | 12 18 . . . . Explosive 11 | . . . 9 2 . Electromagnetic . | . . . . . . Robot Hit Streak 9 | 7 9 2 2 . . Robot Miss Streak 5 | 2 5 1 2 2 . Penetration Max . | . . . . . . Secondary Targets . | . . . . . . Shots Hit Robots 78 | 16 52 1 9 . . Core Hits 52 | 8 26 . 14 4 . Critical Kills . | . . . . . . Critical Parts Destroyed 1 | . . . 1 . . Critical Strikes 1 | . . . 1 . . Smash 1 | . . . 1 . . Melee Attacks 7 | . . . 7 . . Impact 7 | . . . 7 . . Slashing . | . . . . . . Piercing . | . . . . . . Sneak Attacks 2 | . . . 2 . . Combat Hostiles . | . . . . . . Follow-up Attacks . | . . . . . . Damage Inflicted 1850 | 181 467 7 1011 184 . Guns 669 | 181 467 7 14 . . Cannons . | . . . . . . Explosions 877 | . . . 693 184 . Melee 304 | . . . 304 . . Ramming . | . . . . . . Kinetic 441 | 77 343 7 14 . . Thermal 228 | 104 124 . . . . Explosive 877 | . . . 693 184 . Electromagnetic . | . . . . . . Impact 304 | . . . 304 . . Slashing . | . . . . . . Piercing . | . . . . . . Highest Corruption . | . . . . . . Average Corruption . | . . . . . . Corruption Purged . | . . . . . . Corruption Blocked . | . . . . . . Overload Shots . | . . . . . . Overflow Damage 108 | . . . 108 . . Projectiles . | . . . . . . Explosions 10 | . . . 10 . . Melee 98 | . . . 98 . . Knockbacks . | . . . . . . Impact . | . . . . . . Kinetic . | . . . . . . Secondary . | . . . . . . Self-Inflicted Damage . | . . . . . . Shots . | . . . . . . Rammed . | . . . . . . Targets Rammed . | . . . . . . Kicked . | . . . . . . Crushed . | . . . . . . Highest Temperature 106 | 60 106 10 7 . . Average Temperature 35 | 37 35 7 7 . . Received Heat Transfer 396 | . 171 . 225 . . Siege Activations . | . . . . . . Martial Activations . | . . . . . . Shielding Activations . | . . . . . . Robots Disrupted . | . . . . . . Combat Hostiles . | . . . . . . Robots Corrupted 3 | . . . 3 . . Combat Hostiles 1 | . . . 1 . . Parts Fried 3 | . . . 3 . . Impact Corruptions 3 | . . . 3 . . Robots Melted . | . . . . . . Combat Hostiles . | . . . . . . Parts Melted 1 | . 1 . . . . Heat Transferred 500 | 225 275 . . . . Parts Sabotaged . | . . . . . . Parts Stolen . | . . . . . . Parts Stripped . | . . . . . . Power Chain Reactions . | . . . . . . Alert | -11 -10 -10 -9 -9 -9 ------- Run | Yrd Mat Min Mat Min Exi Maximum Alert Level 1 | . . . 1 . . Low Security (%) 92 | 100 100 100 56 100 . Level 1 7 | . . . 43 . . Level 2 . | . . . . . . Level 3 . | . . . . . . Level 4 . | . . . . . . Level 5 . | . . . . . . High Security . | . . . . . . Max Security . | . . . . . . Peak Influence 267 | 10 157 39 267 170 . Initial 64 | . 6 39 . 64 . Average 60 | 2 88 2 146 73 . Influence Increases 818 | 25 297 . 345 151 . Destroy 0b10 Robot/C 480 | . 200 . 200 80 . Destroy 0b10 Robot/NC 60 | 25 10 . 25 . . Destroy Leader 98 | . 42 . 46 10 . Destroy Structure 90 | . . . 74 16 . Lose Combat Pursuer 90 | . 45 . . 45 . Influence Decreases 818 | 15 204 103 180 307 9 Entered New Map 178 | . 4 64 . 101 9 Time Decay 600 | 15 200 39 140 206 . Lost Part 40 | . . . 40 . . Squads Dispatched 1 | . . . 1 . . Investigation . | . . . . . . Extermination . | . . . . . . Reinforcement 1 | . . . 1 . . Assault . | . . . . . . Garrison . | . . . . . . Intercept . | . . . . . . Searches Triggered . | . . . . . . Construction Impeded . | . . . . . . Haulers Reinforced . | . . . . . . Active Scanning Responses . | . . . . . . Cargo Convoy Interrupts . | . . . . . . Stealth | -11 -10 -10 -9 -9 -9 --------- Run | Yrd Mat Min Mat Min Exi Distress Signals 2 | . 2 . . . . Communications Jammed . | . . . . . . Distress Signals . | . . . . . . Times Spotted 40 | . 15 1 17 7 . Peak Tracking Total 5 | . 4 5 5 4 . Tactical Retreats 5 | . 2 1 . 2 . Traps | -11 -10 -10 -9 -9 -9 ------- Run | Yrd Mat Min Mat Min Exi Traps Triggered . | . . . . . . Indirectly . | . . . . . . Trap Hack Attempts . | . . . . . . Triggered . | . . . . . . Disarmed . | . . . . . . Reprogrammed . | . . . . . . Reused . | . . . . . . Traps Extracted . | . . . . . . Installed . | . . . . . . Triggered . | . . . . . . Most Traps Carried 2 | . . 2 1 . . Machines | -11 -10 -10 -9 -9 -9 ---------- Run | Yrd Mat Min Mat Min Exi Machines Disabled . | . . . . . . Max in Single Turn . | . . . . . . Machines Repaired . | . . . . . . Machines Dismantled . | . . . . . . Machines Sabotaged . | . . . . . . Overloaded Fab Kills . | . . . . . . Hacking | -11 -10 -10 -9 -9 -9 --------- Run | Yrd Mat Min Mat Min Exi Machines Accessed 1 | . . . . . 1 Terminals . | . . . . . . Fabricators . | . . . . . . Repair Stations . | . . . . . . Recycling Units . | . . . . . . Scanalyzers . | . . . . . . Garrison Access . | . . . . . . Total Hacks 1 | . . . . . 1 Successful 1 | . . . . . 1 Failed . | . . . . . . Catastrophic . | . . . . . . Database Lockouts . | . . . . . . Manual 1 | . . . . . 1 Terminals . | . . . . . . Fabricators . | . . . . . . Repair Stations . | . . . . . . Recycling Units . | . . . . . . Scanalyzers . | . . . . . . Garrison Access . | . . . . . . Terminal Hacks 1 | . . . . . 1 Proto ID Catalog 1 | . . . . . 1 Fabricator Hacks . | . . . . . . Repair Station Hacks . | . . . . . . Recycling Unit Hacks . | . . . . . . Scanalyzer . | . . . . . . Garrison Access Hacks . | . . . . . . Unauthorized Hacks . | . . . . . . Terminals . | . . . . . . Fabricators . | . . . . . . Repair Stations . | . . . . . . Recycling Units . | . . . . . . Scanalyzers . | . . . . . . Garrison Access . | . . . . . . Data Cores Recovered . | . . . . . . Used . | . . . . . . Hacking Detections . | . . . . . . Full Trace Events . | . . . . . . Feedback Events . | . . . . . . Feedback Blocked . | . . . . . . Robot Schematics Acquired . | . . . . . . Robots Built . | . . . . . . Authchips . | . . . . . . Time . | . . . . . . Total Robot Build Rating . | . . . . . . Part Schematics Acquired . | . . . . . . Parts Built . | . . . . . . Authchips . | . . . . . . Time . | . . . . . . Total Part Build Rating . | . . . . . . Part Studies Acquired . | . . . . . . Parts Repaired . | . . . . . . Time . | . . . . . . Parts Recycled . | . . . . . . Recycled Matter . | . . . . . . Retrieved Matter . | . . . . . . Retrieved Components . | . . . . . . Parts Scanalyzed . | . . . . . . Part Schematics Acquired . | . . . . . . Parts Damaged . | . . . . . . Bothacking | -11 -10 -10 -9 -9 -9 ------------ Run | Yrd Mat Min Mat Min Exi Used RIF Installer . | . . . . . . Robots Hacked . | . . . . . . Non-combat . | . . . . . . Combat . | . . . . . . Robot Hacks Applied . | . . . . . . Relay Couplers Released . | . . . . . . Fabnet Peak Effective % . | . . . . . . Robots Rewired . | . . . . . . Allies Hacked . | . . . . . . Hacks Repelled . | . . . . . . Allies | -11 -10 -10 -9 -9 -9 -------- Run | Yrd Mat Min Mat Min Exi Total Allies 2 | . . . . 2 . Largest Group 2 | . . . . 2 2 Highest-Rated Group 39 | . . . . 39 39 Highest-Rated Ally 31 | . . . . 31 31 Total Orders . | . . . . . . Ally Attacks . | . . . . . . Total Damage . | . . . . . . Kills . | . . . . . . Allies Corrupted . | . . . . . . Allies Melted . | . . . . . . Intel | -11 -10 -10 -9 -9 -9 ------- Run | Yrd Mat Min Mat Min Exi Active Infowar (turns) 198 | 14 184 . . . . Seismic 198 | 14 184 . . . . Robot Analysis Total . | . . . . . . Derelict Logs Recovered 4 | . . 2 . 2 . Drone Launches . | . . . . . . Drone Recoveries . | . . . . . . Exploration | -11 -10 -10 -9 -9 -9 ------------- Run | Yrd Mat Min Mat Min Exi Turns Passed 2218 | 99 456 762 376 435 90 Spaces Moved 1766 | 57 254 604 311 428 112 Core 4 | 4 . . . . . Treads 374 | . 122 252 . . . Legs . | . . . . . . Wheels 384 | 53 132 199 . . . Hover 1004 | . . 153 311 428 112 Flight . | . . . . . . Fastest Speed 50 | 50 90 77 77 80 80 Average Speed 102 | 87 123 119 96 80 80 Slowest Speed 220 | 100 160 160 220 80 80 Overloaded Moves . | . . . . . . Propulsion Burnouts . | . . . . . . Robots Hopped . | . . . . . . Potential Cave-ins . | . . . . . . Cave-ins Triggered . | . . . . . . Exploration Rate (%) 55 | 4 59 97 38 92 40 Regions Visited 5 Branch Regions 3 Pre-discovered Areas 2 | . . 1 . 1 . Known Exits Taken . | . . . . . . Unknown Exits Taken 5 | 1 1 1 1 1 . Scrap Searched 2 | . . 1 . 1 . Spaces Dug 1 | . . . 1 . . Terrain Destroyed 97 | . . . 73 24 . Melee 1 | . . . 1 . . Projectile . | . . . . . . AOE 96 | . . . 72 24 . Terrain Rammed . | . . . . . . Walls Destroyed . | . . . . . . Machines Disabled . | . . . . . . Actions | -11 -10 -10 -9 -9 -9 --------- Run | Yrd Mat Min Mat Min Exi Total 2037 | 80 322 645 360 518 112 Wait 120 | 1 6 24 5 84 . Move 1761 | 56 253 603 310 427 112 Hop . | . . . . . . Pick Up 25 | 4 8 5 7 1 . Fast Attach 10 | 7 . . 3 . . Attach 2 | . . . 1 1 . Detach 1 | . . . . 1 . Swap 23 | . 8 6 8 1 . Drop 19 | . 4 6 8 1 . Fire 69 | 12 43 1 11 2 . Melee 7 | . . . 7 . . Ram . | . . . . . . Kick . | . . . . . . Crush . | . . . . . . Escape Stasis . | . . . . . . Rewire . | . . . . . . Trap . | . . . . . . Miscellaneous . | . . . . . . Route ------- -11/Scrapyard -10/Materials (discovered 2 exits: [*Mat] / [*Min]) -10/Mines (discovered 2 exits: [*Mat x2]) -9/Materials (discovered 3 exits: *Mat / [*Min x2]) -9/Mines (discovered 3 exits: *Mat x2 / *Exi) -9/Exiles History --------- Turn | Location | Event 18 | -11/Scrapyard | Discovered new exit (range 16) 100 | -11/Scrapyard | Entered Materials 305 | -10/Materials | Build established: Mutant 443 | -10/Materials | Discovered new exit (range 13) 529 | -10/Materials | Discovered new exit (range 16) 556 | -10/Materials | Entered Mines 560 | -10/Mines | Met a Derelict bent on vengeance 644 | -10/Mines | Learned location of Zion (-7) 941 | -10/Mines | Assembled infested the area 946 | -10/Mines | Assisted by a Guerilla fighting off Assembled 989 | -10/Mines | Learned Materials interactive machine intel 1004 | -10/Mines | Found a hidden stash of uninstalled traps 1207 | -10/Mines | Discovered new exit (range 16) 1240 | -10/Mines | Discovered new exit (range 5) 1290 | -10/Mines | A weapon hastily lodged in a ceiling crevice suddenly fell to the ground 1312 | -10/Mines | Build established: Scavenger-Mutant 1318 | -10/Mines | Entered Materials 1318 | -9/Materials | Evolved 2 slots: Propulsion x1, Utility x1 1318 | -9/Materials | Discovered new exit (range 8) 1319 | -9/Materials | Loaded intel: 17 interactive machine locations 1451 | -9/Materials | Discovered new exit (range 16) 1666 | -9/Materials | Core integrity fell below 50% 1687 | -9/Materials | Discovered new exit (range 6) 1694 | -9/Materials | Entered Mines 1793 | -9/Mines | Learned location of Storage (-7) 1837 | -9/Mines | Build established: Mutant 1912 | -9/Mines | Discovered new exit (range 10) 1949 | -9/Mines | Deemed a non-threat by the Exiles lab entrance 1949 | -9/Mines | Discovered new exit (range 5) 1986 | -9/Mines | Learned location of 1 exit from Proximity Caves 2049 | -9/Mines | Identified exit to Materials 2129 | -9/Mines | Entered Exiles 2129 | -9/Exiles | Accompanied by 2 allies 2149 | -9/Exiles | Met 8R-AWN 2159 | -9/Exiles | Led the pair of lost Derelicts to a safe place 2162 | -9/Exiles | Met EX-HEX 2184 | -9/Exiles | Met EX-BIN 2196 | -9/Exiles | Aligned with FarCom system 2197 | -9/Exiles | Given EX-Vault access code 2216 | -9/Exiles | Opened EX-Vault 2219 | -9/Exiles | Self-destructed Last Messages --------------- Modified TNC 0b10 Alert Chip Cloak of Protection Skeleton Box Trap Reconfigurator Supersonic Drone Bay Army-in-a-Box PSU Rigger Chronowheel AWS/Thermal Latent Energy Streamer Gui. Plasma Cannon Firepult YOLO Cannon AWS/Gauss XL Autogun Array AWS/Autocannon Field Lobotomy Kit Longsword +1 Deploy-a-Sentry Map ----- +----------------------------------------------------+ | | | | | | | | | | | | | | | | | | | | | | | | | | | | | | | | | | | | | | | | | | | | | | | ?????????????????????????#???????????????????????? | | ?????????????????????####X####???????????????????? | | ?????????????????????# @ #???????????????????? | | ?????????????????????# !] #???????????????????? | | ?????????????????????# ! #???????????????????? | | ?????????????????????## ##???????????????????? | | ?????????????????????#X #????????????????????? | | ?????????????????????## #????????????????????? | | ??????????????????????# #????????????????????? | | ??????????????????????# #???###??????????????? | | ??????????????????????# #??"""""?????????????? | | ??????????????????????# ## """?????????????? | | ??????????????????????# X""?????????????? | | ??????????????????????# ## """?????????????? | | ????????????????####??# #??"""""?????????????? | | ???????????????""""""?# #???###??????????????? | | ???????????????"""" ## #????????????????????? | | ??????????????#""X" #????????????????????? | | ??????????????#" #????????????????????? | | ??????????????#" ## #????????????????????? | | ??????????????#""""""?# #?#########??????????? | | ??????????????##"###??# #?#"""""""#??????????? | | ??????????????????????# #?#"""""""#??????????? | | ??????????????????????# #?#"""""""#??????????? | | ?????????????????????## ###"" """"#??????????? | | ?????????????????????#" """"#??????????? | | ?????????????????????#" """#??????????? | +----------------------------------------------------+ Best States ------------- Heat Dissipation 28 Energy Generation 14 Energy Capacity 280 Matter Stores 300 Matter Capacity 300 Sight Range 16 Terrain Scan Density 10 Additional Mass Support 6 Armor Coverage 150 Evasion (%) 49 Melee Accuracy 5 Recoil Reduction 2 Item Schematics ----------------- None Robot Schematics ------------------ None Fabricated ------------ Nothing Repaired ---------- Nothing Studied --------- None Alien Tech Used ----------------- None Achievements -------------- None Challenges ------------ None Game ------ Seed TerrabombZhirovStorm Manual? 0 Play Time 00:14:09 Cumulative 488.9 hours Start 2026.09.14 @ 10:35:05 End 2026.09.14 @ 10:48:36 Sessions 1 Manual Loads 0 Difficulty Rogue Special Mode None Game No. 359 Rogue 359 Adventurer 0 Explorer 0 Win Type - Total 10 Types 4/0/4/2/0/0/0/0/0/0 Lore% 63 Gallery% 72 Achievement% 59 Wizard Run 0 Options --------- Layout 2 ASCII 0 Keyboard 1 Movement Vi Keybinds 0 Fullscreen 2 Font 32/Smallcaps Map View 77x44 Zoom Use 0% Tactical HUD 1 Map Filters NONE Filters NONE Steam 1 RUN: b8148619-ac8b-4216-88a0-cc355a5cb06b